2609 views
Uploaded 2021-05-22 00:35:56
Game version 1.32.10
96:08 long 3on3 ladder game on (6)BloodstoneMesa_LV
Saved by KingThrawn
2609 views
Uploaded 2021-05-22 00:35:56
Game version 1.32.10
96:08 long 3on3 ladder game on (6)BloodstoneMesa_LV


280 units @ 43.8k
/ 6.7k
147 buildings @ 23.2k
/ 11.5k


| Orb of Venom | 9 | 2925 |
| Potion of Healing | 1 | 150 |
| Scroll of Town Portal | 5 | 1750 |
| Boots of Speed | 1 | 250 |
| total: | 16 | 5075g |
| Wisp | 39 | 2340 | / | 0 |
| Archer | 11 | 1430 | / | 110 |
| Hippogryph | 15 | 2400 | / | 300 |
| Chimaera | 26 | 8580 | / | 1820 |
| total: | 91 | 14750g | / | 2230w |
| Ancient Protector | 4 | 540 | / | 320 |
| Moon Well | 8 | 1440 | / | 320 |
| Altar of Elders | 1 | 180 | / | 50 |
| Ancient of War | 2 | 300 | / | 120 |
| Hunter's Hall | 1 | 210 | / | 100 |
| Tree of Life | 6 | 2040 | / | 1110 |
| Ancient of Wonders | 2 | 180 | / | 60 |
| Ancient of Wind | 2 | 300 | / | 280 |
| Chimaera Roost | 2 | 280 | / | 380 |
| Tree of Ages | 1 | 320 | / | 180 |
| Tree of Eternity | 1 | 330 | / | 200 |
| total: | 28 | 5470g | / | 2740w |
| 0:03 | Wisp |
| 0:04 | Wisp |
| 0:04 | Wisp |
| 0:11 | Moon Well |
| 0:21 | Altar of Elders |
| 0:36 | Ancient of War |
| 0:40 | Wisp |
| 0:54 | Wisp |
| 1:25 | Wisp |
| 1:39 | Ancient of War |
| 1:53 | Archer |
| 2:05 | Moon Well |
| 2:19 | Frost Arrows |
| 2:21 | Archer |
| 2:44 | Archer |
| 2:58 | Archer |
| 3:17 | Archer |
| 3:43 | Tree of Ages |
| 4:06 | Moon Well |
| 4:37 | Boots of Speed |
| 4:41 | Forked Lightning |
| 5:05 | Moon Well |
| 5:07 | Archer |
| 6:38 | Ancient of Wind |
| 6:39 | Improved Bows |
| 6:44 | Ancient of Wind |
| 6:46 | Wisp |
| 6:46 | Wisp |
| 6:46 | Wisp |
| 6:47 | Wisp |
| 6:59 | Frost Arrows |
| 7:31 | Archer |
| 8:30 | Hippogryph |
| 8:30 | Hippogryph |
| 8:42 | Hippogryph |
| 8:58 | Hippogryph |
| 9:26 | Trueshot Aura |
| 9:34 | Hunter's Hall |
| 10:11 | Tree of Eternity |
| 10:15 | Moon Well |
| 10:56 | Moon Armor |
| 10:57 | Strength of the Moon |
| 11:00 | Hippogryph |
| 11:32 | Scroll of Town Portal |
| 11:53 | Searing Arrows |
| 12:43 | Marksmanship |
| 12:45 | Hippogryph |
| 12:47 | Archer |
| 12:47 | Archer |
| 13:30 | Improved Moon Armor |
| 13:33 | Hippogryph |
| 14:11 | Scroll of Town Portal |
| 14:45 | Forked Lightning |
| 15:44 | Tree of Life |
| 17:00 | Advanced Moon Armor |
| 17:01 | Improved Strength of the Moon |
| 18:18 | Chimaera Roost |
| 18:26 | Chimaera Roost |
| 18:43 | Hippogryph |
| 19:05 | Wisp |
| 19:06 | Wisp |
| 19:06 | Wisp |
| 19:06 | Wisp |
| 19:06 | Wisp |
| 19:18 | Ancient of Wonders |
| 20:04 | Wisp |
| 20:04 | Wisp |
| 20:05 | Wisp |
| 20:29 | Trueshot Aura |
| 21:28 | Wisp |
| 21:29 | Wisp |
| 21:29 | Wisp |
| 21:29 | Wisp |
| 21:30 | Wisp |
| 21:33 | Corrosive Breath |
| 21:34 | Chimaera |
| 21:34 | Chimaera |
| 22:38 | Chimaera |
| 22:40 | Hippogryph |
| 23:12 | Archer |
| 23:12 | Archer |
| 23:57 | Orb of Venom |
| 24:43 | Moon Well |
| 24:47 | Reinforced Hides |
| 26:00 | Frost Arrows |
| 26:09 | Tree of Life |
| 26:14 | Ancient Protector |
| 26:18 | Ancient Protector |
| 26:27 | Scroll of Town Portal |
| 27:25 | Ancient Protector |
| 27:27 | Ancient Protector |
| 27:54 | Scout |
| 29:19 | Wisp |
| 29:19 | Wisp |
| 29:19 | Wisp |
| 29:19 | Wisp |
| 29:22 | Wisp |
| 29:25 | Chimaera |
| 29:25 | Chimaera |
| 32:02 | Chimaera |
| 32:02 | Chimaera |
| 32:02 | Chimaera |
| 33:56 | Trueshot Aura |
| 35:38 | Chimaera |
| 35:38 | Chimaera |
| 35:40 | Strength of the Wild |
| 35:41 | Improved Reinforced Hides |
| 36:16 | Tree of Life |
| 40:02 | Wisp |
| 40:49 | Tornado |
| 42:05 | Chimaera |
| 42:07 | Orb of Venom |
| 44:03 | Tree of Life |
| 44:08 | Hippogryph |
| 44:08 | Hippogryph |
| 44:08 | Hippogryph |
| 44:15 | Tree of Life |
| 44:51 | Wisp |
| 45:25 | Hippogryph |
| 46:38 | Ultravision |
| 48:24 | Wisp |
| 48:24 | Wisp |
| 52:51 | Tree of Life |
| 54:15 | Hippogryph |
| 54:15 | Hippogryph |
| 56:10 | Wisp |
| 56:14 | Wisp |
| 56:14 | Wisp |
| 56:40 | Wisp |
| 56:58 | Wisp |
| 57:31 | Improved Strength of the Wild |
| 58:30 | Wisp |
| 58:36 | Ancient of Wonders |
| 58:48 | Chimaera |
| 59:26 | Advanced Strength of the Wild |
| 59:44 | Orb of Venom |
| 61:06 | Scroll of Town Portal |
| 61:53 | Orb of Venom |
| 61:59 | Advanced Reinforced Hides |
| 62:33 | Chimaera |
| 64:39 | Orb of Venom |
| 66:44 | Orb of Venom |
| 67:09 | Wisp |
| 67:36 | Moon Well |
| 68:48 | Chimaera |
| 68:48 | Chimaera |
| 68:48 | Chimaera |
| 70:10 | Potion of Healing |
| 70:11 | Orb of Venom |
| 71:20 | Chimaera |
| 72:23 | Chimaera |
| 73:02 | Moon Well |
| 74:11 | Chimaera |
| 75:09 | Chimaera |
| 78:58 | Chimaera |
| 78:58 | Chimaera |
| 78:58 | Chimaera |
| 80:03 | Chimaera |
| 80:59 | Chimaera |
| 82:41 | Orb of Venom |
| 83:04 | Scroll of Town Portal |
| 84:45 | Orb of Venom |
| 94:17 | Chimaera |
| Right click | 2228 |
| Select | 607 |
| Build/train/purchase | 173 |
| Minimap ping | 131 |
| Select group | 71 |
| Assign group | 69 |
| Chat | 49 |
| Use ability | 30 |
| Resource trade | 15 |
| Item give/drop | 4 |
| Esc | 4 |
| Misc. action | 1 |



| Rod of Necromancy | 4 | 600 |
| Orb of Corruption | 1 | 375 |
| Potion of Healing | 5 | 750 |
| Potion of Mana | 1 | 200 |
| Lesser Clarity Potion | 1 | 70 |
| Dust of Appearance | 1 | 75 |
| Scroll of Town Portal | 5 | 1750 |
| Scroll of Healing | 1 | 250 |
| Potion of Lesser Invulnerability | 2 | 300 |
| Periapt of Vitality | 1 | 325 |
| total: | 22 | 4695g |
| Acolyte | 36 | 2700 | / | 0 |
| Ghoul | 7 | 840 | / | 0 |
| Crypt Fiend | 18 | 3870 | / | 720 |
| Obsidian Statue | 12 | 2400 | / | 420 |
| Abomination | 5 | 1200 | / | 350 |
| Meat Wagon | 9 | 2070 | / | 450 |
| Banshee | 14 | 2170 | / | 420 |
| total: | 101 | 15250g | / | 2360w |
| Spirit Tower | 5 | 725 | / | 200 |
| Nerubian Tower | 1 | 100 | / | 20 |
| Crypt | 1 | 200 | / | 50 |
| Graveyard | 1 | 215 | / | 0 |
| Altar of Darkness | 3 | 540 | / | 150 |
| Ziggurat | 25 | 3750 | / | 1250 |
| Tomb of Relics | 2 | 260 | / | 60 |
| Necropolis | 4 | 900 | / | 0 |
| Slaughterhouse | 1 | 140 | / | 135 |
| Sacrificial Pit | 1 | 75 | / | 150 |
| Temple of the Damned | 1 | 155 | / | 140 |
| Halls of the Dead | 1 | 320 | / | 210 |
| Black Citadel | 1 | 325 | / | 230 |
| total: | 39 | 6235g | / | 1935w |
| 0:02 | Acolyte |
| 0:08 | Crypt |
| 0:12 | Graveyard |
| 0:20 | Acolyte |
| 0:20 | Acolyte |
| 0:43 | Altar of Darkness |
| 1:00 | Ziggurat |
| 1:11 | Ghoul |
| 1:12 | Ghoul |
| 1:51 | Tomb of Relics |
| 1:53 | Crypt Fiend |
| 2:01 | Ziggurat |
| 2:23 | Crypt Fiend |
| 2:23 | Crypt Fiend |
| 2:54 | Rod of Necromancy |
| 2:59 | Crypt Fiend |
| 3:02 | Death Coil |
| 3:35 | Halls of the Dead |
| 3:51 | Ghoul |
| 3:56 | Ghoul |
| 3:59 | Unholy Aura |
| 4:29 | Crypt Fiend |
| 4:31 | Creature Attack |
| 4:38 | Ziggurat |
| 5:12 | Death Coil |
| 5:24 | Rod of Necromancy |
| 6:01 | Slaughterhouse |
| 6:23 | Black Citadel |
| 6:34 | Ziggurat |
| 6:59 | Dust of Appearance |
| 7:29 | Frost Nova |
| 7:34 | Obsidian Statue |
| 7:34 | Obsidian Statue |
| 8:06 | Crypt Fiend |
| 8:43 | Burrow |
| 8:54 | Scroll of Town Portal |
| 9:08 | Orb of Corruption |
| 9:13 | Rod of Necromancy |
| 9:13 | Rod of Necromancy |
| 9:23 | Destroyer Form |
| 9:42 | Crypt Fiend |
| 9:52 | Frost Armor |
| 10:10 | Unholy Aura |
| 10:19 | Abomination |
| 10:31 | Ziggurat |
| 10:52 | Improved Creature Attack |
| 10:52 | Advanced Creature Attack |
| 13:35 | Crypt Fiend |
| 13:36 | Obsidian Statue |
| 13:38 | Ziggurat |
| 13:43 | Necropolis |
| 13:47 | Web |
| 13:48 | Abomination |
| 13:59 | Ghoul Frenzy |
| 14:49 | Disease Cloud |
| 15:21 | Acolyte |
| 15:26 | Meat Wagon |
| 15:26 | Meat Wagon |
| 15:32 | Cannibalize |
| 15:58 | Meat Wagon |
| 16:13 | Frost Nova |
| 16:15 | Acolyte |
| 16:15 | Acolyte |
| 16:15 | Acolyte |
| 16:16 | Acolyte |
| 16:16 | Acolyte |
| 16:25 | Acolyte |
| 16:59 | Meat Wagon |
| 17:00 | Unholy Strength |
| 17:00 | Improved Unholy Strength |
| 17:46 | Ziggurat |
| 18:17 | Advanced Unholy Strength |
| 18:35 | Ziggurat |
| 18:36 | Ziggurat |
| 18:37 | Ziggurat |
| 18:39 | Ziggurat |
| 18:58 | Meat Wagon |
| 18:58 | Meat Wagon |
| 20:24 | Creature Carapace |
| 20:24 | Improved Creature Carapace |
| 20:29 | Sacrificial Pit |
| 21:27 | Death Coil |
| 22:04 | Unholy Armor |
| 22:05 | Improved Unholy Armor |
| 22:08 | Acolyte |
| 22:43 | Necropolis |
| 23:09 | Spirit Tower |
| 23:09 | Spirit Tower |
| 23:10 | Ziggurat |
| 23:20 | Acolyte |
| 23:24 | Necropolis |
| 23:48 | Advanced Unholy Armor |
| 23:50 | Advanced Creature Carapace |
| 24:08 | Spirit Tower |
| 25:12 | Meat Wagon |
| 25:13 | Meat Wagon |
| 25:43 | Meat Wagon |
| 26:14 | Acolyte |
| 26:16 | Ziggurat |
| 26:17 | Ziggurat |
| 26:18 | Ziggurat |
| 26:20 | Ziggurat |
| 28:02 | Nerubian Tower |
| 28:02 | Spirit Tower |
| 28:03 | Spirit Tower |
| 28:03 | Ziggurat |
| 29:19 | Acolyte |
| 29:53 | Acolyte |
| 29:53 | Acolyte |
| 29:53 | Acolyte |
| 29:53 | Acolyte |
| 29:54 | Acolyte |
| 30:15 | Frost Armor |
| 30:35 | Ziggurat |
| 31:09 | Scroll of Town Portal |
| 31:11 | Potion of Healing |
| 32:11 | Acolyte |
| 32:11 | Acolyte |
| 32:12 | Acolyte |
| 32:35 | Animate Dead |
| 33:16 | Obsidian Statue |
| 34:53 | Scroll of Town Portal |
| 36:31 | Frost Nova |
| 37:06 | Acolyte |
| 44:55 | Acolyte |
| 46:30 | Acolyte |
| 48:54 | Acolyte |
| 49:41 | Acolyte |
| 49:42 | Acolyte |
| 50:01 | Acolyte |
| 50:02 | Acolyte |
| 50:22 | Acolyte |
| 52:08 | Crypt Fiend |
| 52:29 | Crypt Fiend |
| 52:43 | Crypt Fiend |
| 52:58 | Potion of Healing |
| 53:01 | Potion of Mana |
| 53:41 | Obsidian Statue |
| 54:12 | Crypt Fiend |
| 54:14 | Crypt Fiend |
| 54:45 | Scroll of Town Portal |
| 55:17 | Crypt Fiend |
| 55:58 | Scroll of Town Portal |
| 56:00 | Potion of Healing |
| 56:23 | Abomination |
| 56:52 | Silence |
| 57:33 | Crypt Fiend |
| 58:29 | Crypt Fiend |
| 58:46 | Potion of Lesser Invulnerability |
| 58:57 | Temple of the Damned |
| 60:26 | Banshee |
| 60:26 | Banshee |
| 60:27 | Banshee Adept Training |
| 60:27 | Banshee Master Training |
| 60:30 | Banshee |
| 60:30 | Banshee |
| 60:31 | Banshee |
| 60:50 | Potion of Healing |
| 61:12 | Banshee |
| 62:45 | Abomination |
| 64:02 | Tomb of Relics |
| 64:14 | Acolyte |
| 64:59 | Abomination |
| 65:11 | Acolyte |
| 65:11 | Acolyte |
| 65:11 | Acolyte |
| 65:50 | Acolyte |
| 66:33 | Death Pact |
| 67:02 | Ziggurat |
| 69:46 | Obsidian Statue |
| 69:46 | Obsidian Statue |
| 70:02 | Lesser Clarity Potion |
| 70:33 | Crypt Fiend |
| 70:33 | Obsidian Statue |
| 71:16 | Potion of Healing |
| 71:47 | Crypt Fiend |
| 76:30 | Ziggurat |
| 76:31 | Ziggurat |
| 76:34 | Ziggurat |
| 76:36 | Ziggurat |
| 76:39 | Necropolis |
| 78:40 | Altar of Darkness |
| 78:58 | Ghoul |
| 78:58 | Ghoul |
| 79:02 | Ghoul |
| 79:20 | Banshee |
| 79:20 | Banshee |
| 79:20 | Banshee |
| 79:20 | Banshee |
| 79:36 | Altar of Darkness |
| 80:45 | Banshee |
| 81:04 | Banshee |
| 81:11 | Obsidian Statue |
| 81:42 | Banshee |
| 82:29 | Banshee |
| 82:33 | Ziggurat |
| 83:28 | Obsidian Statue |
| 83:32 | Ziggurat |
| 93:21 | Obsidian Statue |
| 93:21 | Obsidian Statue |
| 94:22 | Potion of Lesser Invulnerability |
| 94:22 | Scroll of Healing |
| 94:36 | Periapt of Vitality |
| Select group | 8720 |
| Right click | 5290 |
| Select | 3374 |
| Misc. action | 2537 |
| Build/train/purchase | 451 |
| Use ability | 300 |
| Assign group | 82 |
| Resource trade | 37 |
| Esc | 23 |
| Minimap ping | 11 |
| Chat | 10 |
| Item give/drop | 2 |
| Remove unit | 2 |
⇛
ShadowStorm
(95:57) : 

| Healing Salve | 2 | 200 |
| Lesser Clarity Potion | 1 | 70 |
| Orb of Lightning | 1 | 375 |
| Tiny Great Hall | 1 | 600 |
| Potion of Healing | 2 | 300 |
| Potion of Mana | 1 | 200 |
| Scroll of Town Portal | 3 | 1050 |
| Scroll of Healing | 2 | 500 |
| Potion of Lesser Invulnerability | 1 | 150 |
| Orb of Corruption | 1 | 375 |
| total: | 15 | 3820g |
| Peon | 12 | 900 | / | 0 |
| Grunt | 9 | 1800 | / | 0 |
| Raider | 20 | 3600 | / | 800 |
| Shaman | 15 | 1950 | / | 300 |
| Demolisher | 13 | 2860 | / | 650 |
| Troll Berserker | 14 | 1960 | / | 280 |
| Troll Witch Doctor | 5 | 725 | / | 125 |
| total: | 88 | 13795g | / | 2155w |
| Watch Tower | 58 | 6380 | / | 4640 |
| Orc Burrow | 6 | 960 | / | 240 |
| Altar of Storms | 1 | 180 | / | 50 |
| Barracks | 2 | 360 | / | 100 |
| Voodoo Lounge | 2 | 260 | / | 60 |
| War Mill | 1 | 205 | / | 0 |
| Great Hall | 7 | 2695 | / | 1295 |
| Spirit Lodge | 1 | 150 | / | 150 |
| Beastiary | 2 | 290 | / | 280 |
| Stronghold | 1 | 315 | / | 190 |
| Fortress | 1 | 325 | / | 190 |
| total: | 80 | 11480g | / | 6815w |
| 0:09 | Orc Burrow |
| 0:14 | Altar of Storms |
| 0:20 | Peon |
| 0:23 | Peon |
| 0:48 | Barracks |
| 1:02 | Peon |
| 1:15 | Voodoo Lounge |
| 1:46 | War Mill |
| 1:56 | Orc Burrow |
| 2:01 | Peon |
| 2:21 | Grunt |
| 2:38 | Peon |
| 2:41 | Healing Salve |
| 2:45 | Lesser Clarity Potion |
| 2:54 | Feral Spirit |
| 3:05 | Peon |
| 3:20 | Spiked Barricades |
| 3:22 | Grunt |
| 3:49 | Steel Armor |
| 3:50 | Peon |
| 4:29 | Chain Lighting |
| 4:47 | Grunt |
| 4:49 | Stronghold |
| 4:57 | Watch Tower |
| 4:59 | Watch Tower |
| 5:01 | Healing Salve |
| 5:20 | Grunt |
| 5:24 | Steel Melee Weapons |
| 6:05 | Feral Spirit |
| 6:15 | Grunt |
| 6:21 | Orc Burrow |
| 6:59 | Watch Tower |
| 8:05 | Grunt |
| 8:15 | Spirit Lodge |
| 8:18 | Berserker Strength |
| 8:43 | Pillage |
| 9:07 | Hex |
| 9:13 | Grunt |
| 9:28 | Beastiary |
| 9:30 | Fortress |
| 9:46 | Shaman Adept Training |
| 10:43 | Beastiary |
| 10:48 | Watch Tower |
| 10:53 | Watch Tower |
| 11:10 | Raider |
| 11:12 | Ensnare |
| 11:17 | Witch Doctor Adept Training |
| 12:04 | Shaman Master Training |
| 12:08 | Shaman |
| 12:11 | Raider |
| 12:45 | Healing Wave |
| 12:48 | Raider |
| 12:51 | Raider |
| 12:57 | Orc Burrow |
| 13:00 | Peon |
| 13:09 | Scroll of Town Portal |
| 13:11 | Scroll of Healing |
| 13:25 | Orc Burrow |
| 13:58 | Reinforced Defenses |
| 14:05 | Raider |
| 14:55 | Shaman |
| 14:56 | Shaman |
| 15:03 | Orc Burrow |
| 15:23 | Burning Oil |
| 15:26 | Demolisher |
| 15:29 | Shaman |
| 16:34 | Thorium Armor |
| 17:47 | Grunt |
| 18:11 | Demolisher |
| 19:04 | Raider |
| 19:07 | Demolisher |
| 19:28 | Arcanite Armor |
| 19:31 | Shaman |
| 19:32 | Shaman |
| 20:02 | Demolisher |
| 22:20 | Demolisher |
| 22:27 | Great Hall |
| 22:46 | Watch Tower |
| 22:46 | Watch Tower |
| 22:47 | Watch Tower |
| 22:48 | Watch Tower |
| 22:48 | Watch Tower |
| 23:44 | Watch Tower |
| 23:48 | Watch Tower |
| 23:49 | Demolisher |
| 23:52 | Raider |
| 23:54 | Shaman |
| 25:22 | Chain Lighting |
| 27:02 | Demolisher |
| 27:05 | Raider |
| 27:07 | Shaman |
| 28:17 | Demolisher |
| 29:27 | Watch Tower |
| 29:28 | Watch Tower |
| 30:08 | Improved Spiked Barricades |
| 30:29 | Great Hall |
| 30:45 | Demolisher |
| 32:29 | Demolisher |
| 32:38 | Berserker Upgrade |
| 32:43 | Barracks |
| 33:01 | Great Hall |
| 34:18 | Great Hall |
| 34:39 | Great Hall |
| 34:45 | Watch Tower |
| 34:48 | Watch Tower |
| 34:49 | Watch Tower |
| 36:54 | Demolisher |
| 36:55 | Demolisher |
| 36:59 | Troll Berserker |
| 37:01 | Troll Berserker |
| 37:20 | Peon |
| 37:20 | Peon |
| 37:34 | Troll Berserker |
| 37:36 | Troll Berserker |
| 38:16 | Troll Berserker |
| 38:38 | Shaman |
| 38:40 | Troll Berserker |
| 38:52 | Peon |
| 38:52 | Peon |
| 39:13 | Troll Berserker |
| 40:55 | Troll Berserker |
| 40:58 | Raider |
| 42:58 | Grunt |
| 43:01 | Troll Berserker |
| 43:04 | Troll Berserker |
| 43:07 | Shaman |
| 43:56 | Troll Berserker |
| 44:54 | Watch Tower |
| 44:55 | Watch Tower |
| 44:56 | Watch Tower |
| 44:56 | Watch Tower |
| 45:18 | Orb of Lightning |
| 45:24 | Tiny Great Hall |
| 46:06 | Watch Tower |
| 46:07 | Watch Tower |
| 46:08 | Watch Tower |
| 46:09 | Watch Tower |
| 46:10 | Watch Tower |
| 46:32 | Shaman |
| 47:58 | Watch Tower |
| 47:59 | Watch Tower |
| 47:59 | Watch Tower |
| 48:18 | Hex |
| 48:20 | Troll Berserker |
| 49:41 | Watch Tower |
| 49:42 | Watch Tower |
| 50:18 | Watch Tower |
| 50:18 | Watch Tower |
| 50:19 | Watch Tower |
| 50:20 | Watch Tower |
| 50:36 | Watch Tower |
| 51:14 | Watch Tower |
| 51:23 | Watch Tower |
| 52:09 | Watch Tower |
| 52:25 | Watch Tower |
| 52:26 | Watch Tower |
| 52:27 | Watch Tower |
| 52:28 | Watch Tower |
| 52:57 | Watch Tower |
| 53:48 | Witch Doctor Master Training |
| 53:57 | Watch Tower |
| 53:57 | Watch Tower |
| 54:21 | Watch Tower |
| 55:19 | Watch Tower |
| 55:55 | Troll Witch Doctor |
| 57:15 | Great Hall |
| 58:30 | Troll Witch Doctor |
| 58:30 | Troll Witch Doctor |
| 58:30 | Troll Witch Doctor |
| 58:35 | Steel Ranged Weapons |
| 58:49 | Watch Tower |
| 58:49 | Watch Tower |
| 58:50 | Watch Tower |
| 58:50 | Watch Tower |
| 58:51 | Watch Tower |
| 59:39 | Troll Berserker |
| 59:41 | Troll Regeneration |
| 63:51 | Great Hall |
| 64:22 | Shaman |
| 64:22 | Troll Witch Doctor |
| 64:24 | Thorium Ranged Weapons |
| 64:34 | Feral Spirit |
| 64:56 | Watch Tower |
| 64:56 | Watch Tower |
| 64:57 | Watch Tower |
| 64:59 | Watch Tower |
| 65:00 | Watch Tower |
| 66:11 | Troll Berserker |
| 66:13 | Arcanite Ranged Weapons |
| 66:57 | Orb of Corruption |
| 67:29 | Raider |
| 70:41 | Raider |
| 71:12 | Raider |
| 72:09 | Scroll of Town Portal |
| 72:10 | Scroll of Healing |
| 72:15 | Potion of Healing |
| 73:01 | Potion of Lesser Invulnerability |
| 74:28 | Raider |
| 75:27 | Demolisher |
| 78:47 | Raider |
| 79:06 | Raider |
| 79:07 | Thorium Melee Weapons |
| 79:18 | Voodoo Lounge |
| 80:42 | Raider |
| 84:20 | Raider |
| 84:43 | Shaman |
| 84:46 | Shaman |
| 88:45 | Scroll of Town Portal |
| 90:00 | Raider |
| 90:57 | Raider |
| 93:43 | Raider |
| 94:23 | Shaman |
| 95:27 | Potion of Healing |
| 95:31 | Potion of Mana |
| Right click | 1043 |
| Select | 904 |
| Build/train/purchase | 162 |
| Use ability | 146 |
| Resource trade | 86 |
| Misc. action | 36 |
| Remove unit | 3 |
| Item give/drop | 2 |
| Minimap ping | 1 |
139 units @ 16.2k
/ 1.3k
295 buildings @ 20.6k
/ 9.2k


| Scroll of Regeneration | 4 | 400 |
| Lesser Clarity Potion | 3 | 210 |
| Staff of Sanctuary | 2 | 500 |
| Orb of Fire | 2 | 650 |
| Mechanical Critter | 2 | 100 |
| Scroll of Town Portal | 2 | 700 |
| Boots of Speed | 2 | 500 |
| Staff of Teleportation | 2 | 300 |
| Potion of Invisibility | 1 | 100 |
| total: | 20 | 3460g |
| Peasant | 35 | 2625 | / | 0 |
| Footman | 10 | 1350 | / | 0 |
| Mortar Team | 9 | 1620 | / | 630 |
| Priest | 2 | 270 | / | 20 |
| total: | 56 | 5865g | / | 650w |
| Scout Tower | 49 | 1470 | / | 980 |
| Arcane Tower | 10 | 700 | / | 500 |
| Guard Tower | 33 | 2310 | / | 1650 |
| Altar of Kings | 3 | 540 | / | 150 |
| Barracks | 1 | 160 | / | 60 |
| Farm | 19 | 1520 | / | 380 |
| Lumber Mill | 5 | 600 | / | 0 |
| Arcane Vault | 3 | 390 | / | 90 |
| Town Hall | 4 | 1540 | / | 820 |
| Blacksmith | 2 | 280 | / | 120 |
| Workshop | 4 | 560 | / | 560 |
| Arcane Sanctum | 2 | 300 | / | 280 |
| Keep | 3 | 960 | / | 630 |
| total: | 92 | 7360g | / | 3440w |
| 0:03 | Peasant |
| 0:03 | Peasant |
| 0:19 | Altar of Kings |
| 0:23 | Barracks |
| 0:30 | Peasant |
| 0:35 | Farm |
| 0:44 | Peasant |
| 0:56 | Farm |
| 0:58 | Peasant |
| 1:17 | Peasant |
| 1:25 | Footman |
| 1:43 | Lumber Mill |
| 1:44 | Peasant |
| 1:49 | Footman |
| 2:03 | Scout Tower |
| 2:05 | Peasant |
| 2:12 | Farm |
| 2:22 | Footman |
| 2:24 | Storm Bolt |
| 2:55 | Peasant |
| 2:55 | Peasant |
| 3:07 | Footman |
| 3:08 | Arcane Tower |
| 3:10 | Peasant |
| 3:13 | Scout Tower |
| 3:14 | Scout Tower |
| 3:26 | Defend |
| 3:46 | Footman |
| 3:47 | Peasant |
| 4:21 | Bash |
| 4:24 | Footman |
| 4:24 | Guard Tower |
| 4:28 | Farm |
| 4:36 | Arcane Vault |
| 5:11 | Town Hall |
| 5:19 | Scout Tower |
| 5:20 | Scout Tower |
| 5:22 | Scout Tower |
| 5:23 | Scout Tower |
| 5:26 | Scout Tower |
| 5:37 | Boots of Speed |
| 5:53 | Staff of Teleportation |
| 6:00 | Arcane Tower |
| 6:21 | Scout Tower |
| 6:23 | Scout Tower |
| 6:26 | Footman |
| 6:27 | Footman |
| 6:37 | Scroll of Regeneration |
| 6:54 | Guard Tower |
| 7:05 | Lesser Clarity Potion |
| 7:05 | Scroll of Regeneration |
| 7:49 | Scout Tower |
| 7:59 | Footman |
| 7:59 | Footman |
| 8:09 | Scout Tower |
| 8:10 | Scout Tower |
| 8:11 | Scout Tower |
| 8:17 | Peasant |
| 8:18 | Peasant |
| 8:47 | Guard Tower |
| 8:48 | Arcane Vault |
| 8:57 | Peasant |
| 8:57 | Peasant |
| 8:57 | Peasant |
| 9:04 | Scout Tower |
| 9:06 | Scout Tower |
| 9:07 | Scout Tower |
| 9:08 | Scout Tower |
| 9:10 | Scout Tower |
| 9:13 | Scout Tower |
| 9:14 | Scout Tower |
| 9:14 | Scout Tower |
| 9:15 | Scout Tower |
| 9:15 | Scout Tower |
| 9:16 | Scout Tower |
| 9:17 | Scout Tower |
| 9:18 | Scout Tower |
| 9:19 | Scout Tower |
| 9:24 | Peasant |
| 9:44 | Farm |
| 9:53 | Scroll of Regeneration |
| 10:05 | Arcane Tower |
| 10:05 | Arcane Tower |
| 10:08 | Guard Tower |
| 10:08 | Guard Tower |
| 10:23 | Farm |
| 10:26 | Farm |
| 10:57 | Guard Tower |
| 11:33 | Guard Tower |
| 11:37 | Arcane Tower |
| 11:38 | Guard Tower |
| 11:42 | Improved Lumber Harvesting |
| 11:44 | Improved Masonry |
| 12:02 | Guard Tower |
| 12:12 | Storm Bolt |
| 12:31 | Guard Tower |
| 12:31 | Guard Tower |
| 12:31 | Guard Tower |
| 12:37 | Scout Tower |
| 12:38 | Scout Tower |
| 12:42 | Scout Tower |
| 12:49 | Scroll of Regeneration |
| 12:52 | Peasant |
| 12:52 | Peasant |
| 12:52 | Peasant |
| 13:13 | Guard Tower |
| 13:13 | Guard Tower |
| 13:29 | Guard Tower |
| 13:35 | Lumber Mill |
| 13:42 | Lumber Mill |
| 13:45 | Scout Tower |
| 13:45 | Scout Tower |
| 13:46 | Scout Tower |
| 13:47 | Scout Tower |
| 13:56 | Scout Tower |
| 13:57 | Scout Tower |
| 13:58 | Scout Tower |
| 14:02 | Peasant |
| 14:02 | Peasant |
| 14:02 | Peasant |
| 14:12 | Lumber Mill |
| 14:50 | Town Hall |
| 15:15 | Scout Tower |
| 15:16 | Scout Tower |
| 15:17 | Scout Tower |
| 15:18 | Scout Tower |
| 15:25 | Keep |
| 16:12 | Guard Tower |
| 16:12 | Guard Tower |
| 16:13 | Guard Tower |
| 16:20 | Scout Tower |
| 16:21 | Scout Tower |
| 16:25 | Guard Tower |
| 16:25 | Guard Tower |
| 16:27 | Guard Tower |
| 16:53 | Guard Tower |
| 17:03 | Guard Tower |
| 18:00 | Guard Tower |
| 18:02 | Peasant |
| 18:02 | Peasant |
| 18:17 | Guard Tower |
| 18:17 | Guard Tower |
| 18:20 | Peasant |
| 18:20 | Peasant |
| 18:21 | Peasant |
| 18:22 | Peasant |
| 18:22 | Peasant |
| 18:42 | Advanced Masonry |
| 18:51 | Holy Light |
| 19:02 | Lesser Clarity Potion |
| 19:06 | Blacksmith |
| 19:11 | Advanced Lumber Harvesting |
| 19:54 | Workshop |
| 19:55 | Workshop |
| 19:57 | Arcane Sanctum |
| 20:04 | Peasant |
| 20:04 | Peasant |
| 20:04 | Peasant |
| 20:05 | Peasant |
| 20:07 | Workshop |
| 20:10 | Lesser Clarity Potion |
| 20:13 | Bash |
| 20:21 | Arcane Vault |
| 20:25 | Guard Tower |
| 20:26 | Guard Tower |
| 20:55 | Mortar Team |
| 21:12 | Mortar Team |
| 21:12 | Mortar Team |
| 21:13 | Mortar Team |
| 21:14 | Flare |
| 21:17 | Magic Sentry |
| 21:17 | Priest Adept Training |
| 22:06 | Keep |
| 22:09 | Scout Tower |
| 22:09 | Scout Tower |
| 22:11 | Scout Tower |
| 22:22 | Black Gunpowder |
| 22:22 | Studded Leather Armor |
| 22:44 | Guard Tower |
| 22:45 | Guard Tower |
| 22:55 | Scout Tower |
| 22:56 | Scout Tower |
| 23:18 | Boots of Speed |
| 23:19 | Staff of Teleportation |
| 23:35 | Guard Tower |
| 25:16 | Scroll of Town Portal |
| 25:58 | Blacksmith |
| 26:15 | Altar of Kings |
| 27:35 | Farm |
| 27:36 | Farm |
| 28:26 | Altar of Kings |
| 28:32 | Lumber Mill |
| 28:58 | Workshop |
| 29:01 | Arcane Sanctum |
| 29:16 | Scroll of Town Portal |
| 29:19 | Potion of Invisibility |
| 30:43 | Farm |
| 30:44 | Farm |
| 30:47 | Farm |
| 30:50 | Farm |
| 30:52 | Farm |
| 31:34 | Farm |
| 31:35 | Farm |
| 31:37 | Farm |
| 31:55 | Town Hall |
| 32:25 | Mortar Team |
| 32:25 | Mortar Team |
| 32:27 | Priest |
| 32:27 | Priest |
| 33:06 | Farm |
| 33:07 | Farm |
| 33:15 | Staff of Sanctuary |
| 33:15 | Orb of Fire |
| 35:55 | Divine Shield |
| 36:33 | Storm Bolt |
| 36:51 | Staff of Sanctuary |
| 36:55 | Orb of Fire |
| 36:55 | Mechanical Critter |
| 37:07 | Mechanical Critter |
| 45:00 | Holy Light |
| 48:27 | Town Hall |
| 49:05 | Divine Shield |
| 50:29 | Avatar |
| 61:52 | Mortar Team |
| 61:52 | Mortar Team |
| 61:52 | Mortar Team |
| 65:41 | Holy Light |
| 70:51 | Bash |
| 80:41 | Divine Shield |
| 92:22 | Thunder Clap |
| Right click | 5128 |
| Select group | 3704 |
| Select | 857 |
| Build/train/purchase | 311 |
| Use ability | 233 |
| Misc. action | 199 |
| Assign group | 40 |
| Minimap ping | 16 |
| Chat | 16 |
| Resource trade | 7 |
| Esc | 4 |
| Item give/drop | 3 |



| Scroll of Regeneration | 3 | 300 |
| Lesser Clarity Potion | 1 | 70 |
| Staff of Sanctuary | 2 | 500 |
| Orb of Fire | 2 | 650 |
| Potion of Healing | 1 | 150 |
| Scroll of Town Portal | 6 | 2100 |
| Boots of Speed | 2 | 500 |
| Staff of Teleportation | 2 | 300 |
| total: | 19 | 4570g |
| Peasant | 22 | 1650 | / | 0 |
| Footman | 11 | 1485 | / | 0 |
| Dragonhawk Rider | 10 | 2000 | / | 300 |
| total: | 43 | 5135g | / | 300w |
| Scout Tower | 64 | 1920 | / | 1280 |
| Arcane Tower | 1 | 70 | / | 50 |
| Guard Tower | 41 | 2870 | / | 2050 |
| Altar of Kings | 5 | 900 | / | 250 |
| Farm | 22 | 1760 | / | 440 |
| Barracks | 1 | 160 | / | 60 |
| Lumber Mill | 7 | 840 | / | 0 |
| Town Hall | 3 | 1155 | / | 615 |
| Arcane Vault | 1 | 130 | / | 30 |
| Blacksmith | 2 | 280 | / | 120 |
| Gryphon Aviary | 3 | 420 | / | 450 |
| Keep | 2 | 640 | / | 420 |
| Castle | 2 | 720 | / | 420 |
| total: | 108 | 7565g | / | 3245w |
| 0:05 | Peasant |
| 0:05 | Peasant |
| 0:06 | Altar of Kings |
| 0:10 | Altar of Kings |
| 0:26 | Peasant |
| 0:29 | Altar of Kings |
| 0:32 | Farm |
| 0:40 | Barracks |
| 0:42 | Peasant |
| 1:00 | Peasant |
| 1:09 | Peasant |
| 1:18 | Farm |
| 1:25 | Peasant |
| 1:56 | Farm |
| 2:02 | Scout Tower |
| 2:06 | Lumber Mill |
| 2:08 | Peasant |
| 2:09 | Footman |
| 2:29 | Storm Bolt |
| 2:31 | Scout Tower |
| 2:34 | Footman |
| 2:43 | Peasant |
| 2:45 | Footman |
| 2:52 | Arcane Tower |
| 3:12 | Scout Tower |
| 3:14 | Guard Tower |
| 3:16 | Footman |
| 3:50 | Scout Tower |
| 3:59 | Footman |
| 4:05 | Farm |
| 4:21 | Peasant |
| 4:21 | Peasant |
| 4:49 | Guard Tower |
| 4:50 | Scout Tower |
| 4:51 | Footman |
| 4:53 | Thunder Clap |
| 5:07 | Town Hall |
| 5:13 | Peasant |
| 5:20 | Town Hall |
| 5:31 | Arcane Vault |
| 5:33 | Guard Tower |
| 5:37 | Scout Tower |
| 6:06 | Peasant |
| 6:15 | Scout Tower |
| 6:17 | Guard Tower |
| 6:20 | Peasant |
| 6:20 | Peasant |
| 6:25 | Improved Lumber Harvesting |
| 6:46 | Scroll of Regeneration |
| 6:48 | Lesser Clarity Potion |
| 6:51 | Scroll of Regeneration |
| 7:07 | Keep |
| 7:10 | Guard Tower |
| 7:32 | Footman |
| 7:36 | Peasant |
| 7:36 | Peasant |
| 7:36 | Peasant |
| 7:42 | Footman |
| 7:54 | Defend |
| 8:26 | Storm Bolt |
| 8:34 | Footman |
| 8:53 | Footman |
| 8:57 | Improved Masonry |
| 9:09 | Scout Tower |
| 9:26 | Peasant |
| 9:32 | Scout Tower |
| 9:34 | Gryphon Aviary |
| 9:36 | Gryphon Aviary |
| 9:43 | Guard Tower |
| 9:44 | Scout Tower |
| 10:08 | Scout Tower |
| 10:09 | Scout Tower |
| 10:11 | Scout Tower |
| 10:12 | Scout Tower |
| 10:14 | Blacksmith |
| 10:15 | Peasant |
| 10:15 | Peasant |
| 10:18 | Footman |
| 10:29 | Guard Tower |
| 10:58 | Guard Tower |
| 11:00 | Scout Tower |
| 11:01 | Scout Tower |
| 11:02 | Scout Tower |
| 11:07 | Scout Tower |
| 11:14 | Scout Tower |
| 11:14 | Scout Tower |
| 11:17 | Peasant |
| 11:30 | Guard Tower |
| 11:32 | Blacksmith |
| 11:44 | Lumber Mill |
| 11:47 | Scout Tower |
| 11:49 | Scout Tower |
| 11:50 | Guard Tower |
| 12:17 | Guard Tower |
| 12:19 | Guard Tower |
| 12:27 | Guard Tower |
| 12:34 | Holy Light |
| 12:45 | Scout Tower |
| 12:53 | Scroll of Town Portal |
| 13:07 | Scout Tower |
| 13:08 | Scout Tower |
| 13:10 | Scout Tower |
| 13:12 | Scout Tower |
| 13:12 | Scout Tower |
| 13:13 | Scout Tower |
| 13:14 | Scout Tower |
| 13:25 | Advanced Lumber Harvesting |
| 13:34 | Guard Tower |
| 13:54 | Guard Tower |
| 14:11 | Guard Tower |
| 14:14 | Farm |
| 14:16 | Farm |
| 14:18 | Farm |
| 15:11 | Farm |
| 15:11 | Farm |
| 15:22 | Scout Tower |
| 15:29 | Farm |
| 15:43 | Castle |
| 15:55 | Scroll of Town Portal |
| 16:26 | Farm |
| 16:53 | Advanced Masonry |
| 16:53 | Imbued Masonry |
| 17:11 | Boots of Speed |
| 17:11 | Staff of Teleportation |
| 17:23 | Farm |
| 18:04 | Scout Tower |
| 18:05 | Scout Tower |
| 18:22 | Staff of Teleportation |
| 18:22 | Boots of Speed |
| 19:11 | Iron Forged Swords |
| 19:13 | Studded Leather Armor |
| 19:13 | Reinforced Leather Armor |
| 19:17 | Guard Tower |
| 19:18 | Scout Tower |
| 19:19 | Scout Tower |
| 19:20 | Scout Tower |
| 19:43 | Scout Tower |
| 19:49 | Lumber Mill |
| 19:52 | Lumber Mill |
| 19:54 | Guard Tower |
| 20:12 | Scout Tower |
| 20:13 | Guard Tower |
| 20:29 | Cloud |
| 20:31 | Animal War Training |
| 20:32 | Guard Tower |
| 20:51 | Guard Tower |
| 20:53 | Scout Tower |
| 20:56 | Scout Tower |
| 21:01 | Lumber Mill |
| 21:07 | Lumber Mill |
| 21:08 | Scout Tower |
| 21:13 | Dragonhawk Rider |
| 21:15 | Gryphon Aviary |
| 21:38 | Guard Tower |
| 21:41 | Scout Tower |
| 21:42 | Scout Tower |
| 22:04 | Scout Tower |
| 22:05 | Scout Tower |
| 22:05 | Scout Tower |
| 22:08 | Scout Tower |
| 22:23 | Staff of Sanctuary |
| 22:23 | Orb of Fire |
| 22:29 | Scout Tower |
| 22:30 | Scout Tower |
| 22:32 | Scout Tower |
| 22:39 | Dragonhawk Rider |
| 22:47 | Guard Tower |
| 22:49 | Scout Tower |
| 23:05 | Guard Tower |
| 23:11 | Scout Tower |
| 23:13 | Scout Tower |
| 23:16 | Town Hall |
| 23:18 | Dragonhawk Rider |
| 23:21 | Dragonhawk Rider |
| 23:44 | Dragonhawk Rider |
| 23:46 | Scout Tower |
| 23:47 | Scout Tower |
| 23:50 | Scout Tower |
| 23:52 | Guard Tower |
| 24:03 | Dragonhawk Rider |
| 24:13 | Guard Tower |
| 24:15 | Guard Tower |
| 24:19 | Guard Tower |
| 24:46 | Farm |
| 24:58 | Farm |
| 25:06 | Dragonhawk Rider |
| 25:18 | Scroll of Town Portal |
| 25:18 | Scroll of Town Portal |
| 25:57 | Divine Shield |
| 26:02 | Lumber Mill |
| 26:05 | Scout Tower |
| 26:08 | Scout Tower |
| 26:10 | Scout Tower |
| 26:11 | Scout Tower |
| 26:13 | Scout Tower |
| 26:14 | Scout Tower |
| 26:32 | Scout Tower |
| 26:39 | Steel Forged Swords |
| 26:40 | Dragonhide Armor |
| 26:45 | Guard Tower |
| 30:19 | Guard Tower |
| 30:21 | Scout Tower |
| 30:37 | Scroll of Town Portal |
| 30:37 | Scroll of Regeneration |
| 30:42 | Orb of Fire |
| 30:42 | Staff of Sanctuary |
| 30:52 | Scroll of Town Portal |
| 31:35 | Siphon Mana |
| 32:13 | Dragonhawk Rider |
| 32:17 | Dragonhawk Rider |
| 33:04 | Mithril Forged Swords |
| 33:08 | Dragonhawk Rider |
| 34:44 | Thunder Clap |
| 46:04 | Storm Bolt |
| 46:24 | Farm |
| 55:30 | Farm |
| 55:51 | Farm |
| 55:53 | Farm |
| 56:50 | Farm |
| 57:24 | Farm |
| 57:27 | Altar of Kings |
| 57:57 | Farm |
| 58:40 | Farm |
| 58:43 | Altar of Kings |
| 60:13 | Avatar |
| 67:15 | Holy Light |
| 73:29 | Divine Shield |
| 76:32 | Bash |
| 93:37 | Potion of Healing |
| 94:49 | Holy Light |
| Right click | 7003 |
| Select | 1943 |
| Select group | 1107 |
| Misc. action | 417 |
| Use ability | 381 |
| Build/train/purchase | 293 |
| Assign group | 100 |
| Chat | 53 |
| Minimap ping | 26 |
| Item give/drop | 5 |
| Esc | 5 |
HumanKingTom
(2)
(96:07) : 


| Scroll of Regeneration | 2 | 200 |
| Lesser Clarity Potion | 2 | 140 |
| Staff of Sanctuary | 2 | 500 |
| Orb of Fire | 2 | 650 |
| Scroll of Town Portal | 2 | 700 |
| Boots of Speed | 2 | 500 |
| Staff of Teleportation | 2 | 300 |
| Periapt of Vitality | 2 | 650 |
| Circlet of Nobility | 1 | 175 |
| total: | 17 | 3815g |
| Peasant | 17 | 1275 | / | 0 |
| Footman | 10 | 1350 | / | 0 |
| Dragonhawk Rider | 13 | 2600 | / | 390 |
| total: | 40 | 5225g | / | 390w |
| Scout Tower | 62 | 1860 | / | 1240 |
| Guard Tower | 21 | 1470 | / | 1050 |
| Altar of Kings | 2 | 360 | / | 100 |
| Barracks | 1 | 160 | / | 60 |
| Farm | 17 | 1360 | / | 340 |
| Lumber Mill | 6 | 720 | / | 0 |
| Town Hall | 1 | 385 | / | 205 |
| Arcane Vault | 2 | 260 | / | 60 |
| Blacksmith | 1 | 140 | / | 60 |
| Arcane Sanctum | 1 | 150 | / | 140 |
| Gryphon Aviary | 2 | 280 | / | 300 |
| Keep | 1 | 320 | / | 210 |
| Castle | 1 | 360 | / | 210 |
| total: | 95 | 5675g | / | 2505w |
| 0:04 | Peasant |
| 0:04 | Peasant |
| 0:18 | Peasant |
| 0:19 | Altar of Kings |
| 0:23 | Barracks |
| 0:29 | Farm |
| 0:40 | Peasant |
| 0:57 | Peasant |
| 1:07 | Farm |
| 1:11 | Peasant |
| 1:25 | Footman |
| 1:27 | Peasant |
| 1:46 | Footman |
| 1:48 | Farm |
| 2:00 | Footman |
| 2:10 | Peasant |
| 2:26 | Storm Bolt |
| 2:27 | Footman |
| 2:47 | Footman |
| 2:47 | Peasant |
| 2:57 | Farm |
| 3:00 | Peasant |
| 3:15 | Lumber Mill |
| 3:57 | Bash |
| 4:04 | Boots of Speed |
| 4:16 | Footman |
| 4:17 | Peasant |
| 4:21 | Scout Tower |
| 4:22 | Scout Tower |
| 4:26 | Farm |
| 4:57 | Storm Bolt |
| 5:02 | Town Hall |
| 5:15 | Arcane Vault |
| 5:19 | Scout Tower |
| 5:20 | Scout Tower |
| 5:22 | Guard Tower |
| 6:14 | Guard Tower |
| 6:23 | Peasant |
| 6:23 | Peasant |
| 6:24 | Peasant |
| 6:24 | Peasant |
| 6:28 | Improved Lumber Harvesting |
| 6:28 | Improved Masonry |
| 6:49 | Footman |
| 6:49 | Footman |
| 7:21 | Footman |
| 7:22 | Keep |
| 7:33 | Guard Tower |
| 7:49 | Footman |
| 7:55 | Guard Tower |
| 8:54 | Scout Tower |
| 8:54 | Scout Tower |
| 8:55 | Scout Tower |
| 8:55 | Scout Tower |
| 8:56 | Scout Tower |
| 8:57 | Scout Tower |
| 9:19 | Defend |
| 9:22 | Scout Tower |
| 9:23 | Scout Tower |
| 9:23 | Scout Tower |
| 9:24 | Scout Tower |
| 9:25 | Scout Tower |
| 9:25 | Scout Tower |
| 9:30 | Scroll of Regeneration |
| 9:34 | Lesser Clarity Potion |
| 9:42 | Scout Tower |
| 9:42 | Scout Tower |
| 9:43 | Scout Tower |
| 9:45 | Guard Tower |
| 10:12 | Guard Tower |
| 10:26 | Advanced Lumber Harvesting |
| 10:27 | Advanced Masonry |
| 10:41 | Guard Tower |
| 10:44 | Peasant |
| 10:44 | Peasant |
| 10:50 | Scroll of Regeneration |
| 10:50 | Lesser Clarity Potion |
| 11:19 | Guard Tower |
| 11:27 | Lumber Mill |
| 11:33 | Lumber Mill |
| 11:53 | Lumber Mill |
| 11:57 | Lumber Mill |
| 12:00 | Holy Light |
| 12:12 | Lumber Mill |
| 12:15 | Guard Tower |
| 12:19 | Scout Tower |
| 12:20 | Scout Tower |
| 12:20 | Scout Tower |
| 12:21 | Scout Tower |
| 12:21 | Scout Tower |
| 12:22 | Scout Tower |
| 12:25 | Guard Tower |
| 12:39 | Staff of Teleportation |
| 12:40 | Periapt of Vitality |
| 12:47 | Boots of Speed |
| 12:47 | Circlet of Nobility |
| 13:01 | Guard Tower |
| 13:49 | Bash |
| 14:09 | Guard Tower |
| 14:22 | Scout Tower |
| 14:24 | Scout Tower |
| 14:25 | Scout Tower |
| 14:25 | Scout Tower |
| 14:26 | Scout Tower |
| 14:26 | Scout Tower |
| 14:27 | Scout Tower |
| 14:28 | Scout Tower |
| 15:18 | Scout Tower |
| 15:19 | Scout Tower |
| 15:20 | Scout Tower |
| 15:26 | Scroll of Town Portal |
| 15:30 | Guard Tower |
| 16:04 | Guard Tower |
| 16:32 | Arcane Sanctum |
| 16:36 | Castle |
| 16:51 | Staff of Teleportation |
| 16:53 | Periapt of Vitality |
| 17:41 | Arcane Vault |
| 17:44 | Gryphon Aviary |
| 17:47 | Gryphon Aviary |
| 17:50 | Magic Sentry |
| 18:24 | Farm |
| 18:26 | Farm |
| 18:27 | Farm |
| 18:29 | Farm |
| 18:30 | Farm |
| 18:31 | Farm |
| 19:55 | Cloud |
| 19:55 | Dragonhawk Rider |
| 19:56 | Dragonhawk Rider |
| 20:17 | Farm |
| 20:21 | Blacksmith |
| 20:48 | Staff of Sanctuary |
| 20:48 | Orb of Fire |
| 21:01 | Dragonhawk Rider |
| 21:03 | Dragonhawk Rider |
| 21:59 | Staff of Sanctuary |
| 22:25 | Dragonhawk Rider |
| 22:25 | Dragonhawk Rider |
| 22:25 | Dragonhawk Rider |
| 22:25 | Dragonhawk Rider |
| 22:25 | Dragonhawk Rider |
| 22:27 | Farm |
| 22:29 | Scout Tower |
| 22:29 | Scout Tower |
| 22:31 | Scout Tower |
| 22:31 | Scout Tower |
| 22:32 | Scout Tower |
| 22:33 | Scout Tower |
| 22:50 | Siphon Mana |
| 22:59 | Dragonhawk Rider |
| 23:01 | Guard Tower |
| 23:04 | Studded Leather Armor |
| 23:07 | Animal War Training |
| 23:25 | Guard Tower |
| 23:42 | Scout Tower |
| 23:44 | Scout Tower |
| 23:45 | Scout Tower |
| 23:45 | Scout Tower |
| 23:46 | Scout Tower |
| 24:45 | Guard Tower |
| 26:25 | Divine Shield |
| 27:48 | Dragonhawk Rider |
| 27:49 | Reinforced Leather Armor |
| 29:52 | Dragonhawk Rider |
| 31:56 | Dragonhawk Rider |
| 32:32 | Storm Bolt |
| 33:02 | Scout Tower |
| 33:03 | Scout Tower |
| 33:04 | Scout Tower |
| 33:05 | Scout Tower |
| 33:06 | Scout Tower |
| 33:06 | Scout Tower |
| 33:37 | Holy Light |
| 33:46 | Guard Tower |
| 37:16 | Orb of Fire |
| 38:07 | Divine Shield |
| 41:25 | Guard Tower |
| 41:46 | Avatar |
| 43:35 | Scout Tower |
| 43:36 | Scout Tower |
| 43:37 | Scout Tower |
| 43:37 | Scout Tower |
| 43:38 | Scout Tower |
| 43:39 | Scout Tower |
| 43:40 | Scout Tower |
| 43:41 | Scout Tower |
| 43:42 | Scout Tower |
| 44:22 | Guard Tower |
| 45:28 | Guard Tower |
| 47:21 | Holy Light |
| 51:48 | Bash |
| 59:22 | Banish |
| 61:07 | Devotion Aura |
| 63:35 | Farm |
| 63:36 | Farm |
| 63:37 | Farm |
| 64:07 | Altar of Kings |
| 64:20 | Farm |
| 70:10 | Thunder Clap |
| 73:24 | Siphon Mana |
| 73:34 | Divine Shield |
| 90:53 | Scroll of Town Portal |
| 94:50 | Thunder Clap |
| 95:28 | Devotion Aura |
| Right click | 8781 |
| Select group | 6719 |
| Select | 1388 |
| Use ability | 347 |
| Chat | 226 |
| Build/train/purchase | 193 |
| Minimap ping | 145 |
| Assign group | 56 |
| Resource trade | 27 |
| Misc. action | 16 |
| Remove unit | 8 |
| Item give/drop | 7 |